 Dungeon Crawl Stone Soup version 0.26.0-15-gc6cd9f7 (webtiles) character file.

Game seed: 4300810062249997276

140 PublicAnimeNo1 the Digger (level 5, 0/38 HPs)
             Began as a Human Earth Elementalist on Jan 21, 2021.
             Slain by a bullfrog (2 damage)
             ... on level 6 of the Dungeon.
             The game lasted 00:07:23 (3133 turns).

PublicAnimeNo1 the Digger (HuEE)                    Turns: 3133, Time: 00:07:24

Health: 0/38       AC:  2    Str:  8    XL:     5   Next: 46%
Magic:  4/8        EV: 12    Int: 17    God:
Gold:   94         SH:  0    Dex: 13    Spells: 2/8 levels left

rFire    . . .     SeeInvis .   v - +0 halberd (vamp)
rCold    . . .     Faith    .   (shield currently unavailable)
rNeg     . . .     Spirit   .   c - +0 robe
rPois    .         Reflect  .   (no helmet)
rElec    .         Harm     .   (no cloak)
rCorr    .         Rampage  .   (no gloves)
Will     .....                  (no boots)
Stlth    ++........             (no amulet)
HPRegen  0.12/turn              (no ring)
MPRegen  0.11/turn              (no ring)

@: very slightly contaminated
A: no striking features
a: no special abilities


You were on level 6 of the Dungeon.
You visited 1 branch of the dungeon, and saw 4 of its levels.

You collected 94 gold pieces.

Inventory:

Hand Weapons
 e - a +0 spear
 h - a +0 dagger
 v - a +0 vampiric halberd (weapon)
Missiles
 b - 71 stones
 g - 51 poisoned darts
 k - 3 datura-tipped darts
Armour
 c - a +0 robe (worn)
Jewellery
 f - an uncursed amulet of reflection {unknown}
 i - an uncursed amulet of faith {unknown}
 s - a +6 ring of dexterity {unknown}
Scrolls
 d - 2 scrolls of amnesia
 j - a scroll of remove curse {unknown}
 l - a scroll of fear {unknown}
 o - 2 scrolls of identify {unknown}
 p - 2 scrolls of teleportation {unknown}
 q - a scroll of fog {unknown}
 u - a scroll of blinking {unknown}
Potions
 a - a potion of brilliance {unknown}
 m - a potion of heal wounds {unknown}
 n - 3 potions of curing {unknown}
 r - a potion of lignification {unknown}
 t - a potion of ambrosia {unknown}


   Skills:
 + Level 2.3 Fighting
 - Level 2.0 Dodging
 - Level 2.0 Stealth
 - Level 2.0 Spellcasting
 + Level 1.2 Conjurations
 - Level 1.0 Transmutations
 * Level 4.8 Earth Magic


You had 2 spell levels left.
You knew the following spells:

 Your Spells              Type           Power        Failure   Level
a - Sandblast             Erth           36%          2%          1
b - Stone Arrow           Conj/Erth      24%          17%         3
c - Passwall              Tmut/Erth      9%           9%          2

Your spell library contained the following spells:

 Spells                   Type           Power        Failure   Level
 Petrify                  Tmut/Erth      11%          50%         4
 Lee's Rapid Deconstruct  Erth           9%           58%         5


Dungeon Overview and Level Annotations

Branches:
Dungeon (3/15)

Altars:
Hepliaklqana


Message History

Press: ? - help, Q - select action, (/) - cycle Shift-Dir - straight line, f - bullfrog
Aim: a bullfrog (26% to evade)
The blast of sand hits the bullfrog.
The bullfrog is moderately wounded.
The jackal closely misses you. The bullfrog hits you.
* * * LOW HITPOINT WARNING * * *
The jackal bites you.
* * * LOW HITPOINT WARNING * * *
The jackal bites you.
* * * LOW HITPOINT WARNING * * *
Aiming: Sandblast (safe; 2% risk of failure)
Press: ? - help, Q - select action, (/) - cycle Shift-Dir - straight line, f/p - bullfrog
Aim: a bullfrog (moderately wounded, 26% to evade)
The blast of sand hits the bullfrog!
The bullfrog is almost dead.
The bullfrog hits you!
* * * LOW HITPOINT WARNING * * *
The jackal bites you but does no damage.
The jackal closely misses you. The bullfrog hits you.
You die...

..........#
..h.)...!.#
.....(....#
..........#
..........#
........Z.#
#...##.#
#...h###
###nF@.##
##.h...##
#.......#
#.......#
#.......#
##.....##
##.....##
#..>....#
#.......#


You could see a necrophage, a bullfrog, a quokka zombie and 2 jackals.

Vanquished Creatures
  8 gnolls
  An adder (D:3)
  4 dart slugs
  A leopard gecko (D:2)
  A ball python (D:1)
  6 bats
  3 giant cockroaches
  6 goblins (D:1)
  4 hobgoblins
  2 jackals (D:6)
  2 kobolds (D:1)
  2 quokkas (D:2)
  2 frilled lizards
  A rat (D:1)
43 creatures vanquished.

Notes
Turn   | Place    | Note
-------+----------+-------------------------------------------
     0 | D:1      | PublicAnimeNo1 the Human Earth Elementalist began the quest
                  | for the Orb.
     0 | D:1      | Reached XP level 1. HP: 13/13 MP: 3/3
   458 | D:1      | Reached XP level 2. HP: 18/20 MP: 5/5
   767 | D:1      | Reached skill level 1 in Fighting
   876 | D:1      | Reached XP level 3. HP: 25/26 MP: 6/6
  1316 | D:1      | Reached skill level 4 in Earth Magic
  2086 | D:2      | Reached XP level 4. HP: 32/32 MP: 7/7
  2090 | D:2      | Learned a level 3 spell: Stone Arrow
  2497 | D:2      | Found a hazy altar of Hepliaklqana.
  2958 | D:3      | Reached skill level 1 in Conjurations
  2958 | D:3      | Reached XP level 5. HP: 38/38 MP: 5/8
  3092 | D:3      | You fall into a shaft and drop 3 floors!
  3106 | D:6      | Learned a level 2 spell: Passwall
  3118 | D:6      | Noticed a bullfrog
  3124 | D:6      | Noticed a necrophage
  3133 | D:6      | Slain by a bullfrog

Illustrated notes

Levels and vault maps discovered:
D:1:      dpeg_arrival_three_same_balls, layout_basic
D:2:      layout_loops_cross, general_overflow_altar
D:3:      minmay_octagon_keep, layout_basic, dancing_weapons_uskayaw,
          minmay_ogre_servants
D:6:      layout_rooms, basic_altar, corexii_item_surrounded_by_moat,
          nicolae_ru_the_path_less_chosen

Skill      XL: |  1  2  3  4 |
---------------+-------------+-----
Fighting       | 1 2 |  2.3
Earth Magic    | 4 |  4.8
Conjurations   | 1 |  1.2
Dodging        | |  2.0
Stealth        | |  2.0
Spellcasting   | |  2.0
Transmutations | |  1.0

Action                   |  1- 3 |  4- 6 || total
-------------------------+-------+-------++-------
Melee: Unarmed           |    10 |       ||    10
       Spear             |    78 |    28 ||   106
       Halberd           |       |    16 ||    16
Throw: Dart              |    11 |    21 ||    32
 Cast: Sandblast         |    14 |    18 ||    32
  Use: Scroll            |       |     1 ||     1
 Stab: Sleeping          |     5 |       ||     5
Armor: Robe              |    21 |    15 ||    36
Dodge: Dodged            |    53 |    58 ||   111
